Map: Rhoskallian LE

Players

pynMrSax

  • Race: Zerg Zerg

pynCarnivore

  • Race: Protoss Protoss

qqq - Winner!

  • Race: Zerg Zerg

Massa - Winner!

  • Race: Terran Terran
  • League: Platinum

VOD

Have the link to the VOD?

Description

Time

  • Played on: April 22, 2021, 3:30 p.m.
  • Length: 11:00
Show
View Real Time Build Order
Export as new Build Order

pynMrSax Zerg 

Build Orders: Hatch First 

Get SALT Encoding   

  12  0:00  Drone  
  13  0:12  Overlord  
  13  0:17  Drone  
  14  0:31  Drone x2  
  14  0:34  Drone  
  17  0:57  Hatchery  
  17  1:00  Extractor  
  15  1:16  Drone, Spawning Pool  
  15  1:17  Drone  
  16  1:21  Drone  
  17  1:27  Drone  
  18  1:37  Drone  
  19  1:50  Overlord  
  19  2:05  Queen  
  19  2:07  Metabolic Boost  
  21  2:10  Queen  
  21  2:14  Zergling x4  
  25  2:20  Drone x2  
  27  2:29  Drone  
  28  2:34  Drone x2  
  30  2:41  Drone  
  30  2:43  Queen  
  33  2:52  Drone x2  
  33  2:54  Drone  
  36  3:03  Overlord  
  34  3:21  Queen  
  34  3:23  Drone x3  
  39  3:32  Extractor  
  38  3:34  Hatchery  
  38  3:35  Drone, Roach Warren  
  37  3:43  Spore Crawler  
  37  3:48  Drone x4  
  39  3:53  Zergling x2  
  39  3:54  Zergling x2  
  42  3:58  Drone  
  43  4:06  Drone  
  43  4:09  Overlord  
  44  4:18  Overlord  
  44  4:19  Extractor  
  44  4:22  Drone  
  44  4:27  Drone x2  
  46  4:33  Lair  
  46  4:36  Roach x3  
  46  4:37  Drone, Evolution Chamber  
  52  4:39  Evolution Chamber  
  52  4:40  Drone x2  
  53  4:59  Ravager, Spore Crawler  
  55  5:00  Ravager x2  
  55  5:06  Spine Crawler  
  54  5:11  Spine Crawler  
  55  5:21  Roach x2  
  55  5:22  Roach  
  55  5:26  Zergling x2  
  58  5:34  Overlord  
  58  5:35  Overlord x2  
  56  5:46  Overseer  
  52  5:54  Roach  
  42  6:03  Zergling x2  
  42  6:04  Roach x5  
  49  6:10  Drone x5  
  55  6:25  Overseer  
  55  6:37  Hatchery  
  51  6:56  Overseer  
  51  6:58  Roach x5  
  61  7:03  Roach  
  63  7:18  Ravager  
  63  7:21  Drone  
  63  7:22  Drone x2  
  57  7:30  Overseer  
  57  7:39  Ravager  
  58  7:56  Queen  
  58  7:57  Queen  
  62  7:59  Drone  
  62  8:05  Hatchery  
  62  8:17  Roach x3  
  66  8:29  Hatchery  
  49  8:50  Overlord, Roach x4  
  49  8:51  Drone x2, Roach x2  
  63  8:56  Overseer  
  63  9:01  Drone  
  64  9:20  Glial Reconstitution  
  64  9:21  Hatchery  
  63  9:29  Drone x3  
  66  9:39  Pneumatized Carapace  
  66  9:46  Drone x5  
  66  9:47  Extractor, Drone  
  71  9:58  Drone x3  
  74  10:04  Drone x4  
  74  10:05  Drone  
  79  10:18  Infestation Pit  
  78  10:43  Drone x2  
  78  10:44  Drone x3  
  78  10:45  Drone  
Show
View Real Time Build Order
Export as new Build Order

pynCarnivore Protoss 

Build Orders: Carriers, Carrier Rush 

Get SALT Encoding   

  12  0:01  Probe  
  13  0:12  Assimilator  
  13  0:16  Probe  
  14  0:31  Pylon  
  14  0:32  Probe  
  15  0:46  Assimilator  
  15  0:49  Probe  
  16  1:01  Probe, Gateway  
  17  1:13  Probe  
  18  1:23  Pylon  
  18  1:25  Probe (Chrono Boost)  
  19  1:35  Probe (Chrono Boost)  
  20  1:49  Cybernetics Core  
  20  1:55  Probe  
  21  2:07  Probe  
  21  2:20  Probe  
  22  2:30  Stargate  
  22  2:32  Probe  
  22  2:34  Stargate  
  23  3:02  Nexus  
  23  3:17  Forge  
  23  3:25  Pylon  
  23  3:39  Fleet Beacon  
  23  3:51  Probe  
  24  4:03  Probe  
  25  4:15  Probe (Chrono Boost)  
  27  4:21  Probe (Chrono Boost)  
  28  4:24  Probe (Chrono Boost)  
  28  4:28  Probe (Chrono Boost)  
  28  4:29  Probe (Chrono Boost)  
  28  4:30  Photon Cannon  
  29  4:38  Carrier (Chrono Boost)  
  36  4:51  Carrier (Chrono Boost)  
  42  5:05  Photon Cannon  
  42  5:07  Shield Battery  
  42  5:24  Photon Cannon  
  42  5:25  Pylon  
  42  5:36  Photon Cannon  
  42  5:50  Carrier  
  48  6:04  Pylon  
  48  6:15  Probe (Chrono Boost)  
  49  6:24  Probe (Chrono Boost)  
  50  6:29  Probe (Chrono Boost)  
  50  6:30  Assimilator  
  51  6:35  Robotics Facility  
  51  6:37  Pylon  
  51  6:39  Assimilator  
  51  6:41  Probe  
  52  6:53  Probe  
  53  6:58  Carrier (Chrono Boost)  
  59  7:05  Probe, Carrier (Chrono Boost)  
  66  7:12  Probe  
  67  7:27  Probe (Chrono Boost)  
  67  7:29  Probe (Chrono Boost)  
  70  7:39  Probe (Chrono Boost)  
  70  7:40  Probe (Chrono Boost)  
  71  7:48  Probe  
  72  7:55  Carrier (Chrono Boost)  
  78  8:19  Carrier (Chrono Boost)  
  78  8:20  Pylon  
  78  8:21  Pylon, Nexus  
  78  8:27  Pylon  
  78  8:36  Observer (Chrono Boost)  
  78  8:38  Probe  
  80  8:53  Shield Battery  
  80  8:56  Observer, Carrier (Chrono Boost)  
  80  8:59  Pylon  
  87  9:06  Assimilator  
  87  9:10  Assimilator  
  87  9:11  Pylon  
  87  9:13  Probe  
  88  9:17  Stargate  
  88  9:18  Observer  
  88  9:23  Cybernetics Core  
  89  9:33  Probe (Chrono Boost)  
  90  9:43  Probe (Chrono Boost)  
  91  9:51  Probe (Chrono Boost)  
  92  9:57  Probe (Chrono Boost)  
  93  10:04  Probe  
  100  10:16  Probe  
Show
View Real Time Build Order
Export as new Build Order

qqq Zerg - Winner!

Build Orders: Hatch First 

Get SALT Encoding   

  12  0:00  Drone  
  13  0:09  Drone  
  14  0:18  Overlord  
  14  0:49  Hatchery  
  13  0:54  Drone x2  
  15  1:04  Drone  
  16  1:19  Spawning Pool  
  16  1:20  Extractor  
  16  1:22  Drone  
  15  1:26  Drone  
  16  1:38  Drone  
  17  1:43  Drone  
  18  2:01  Drone x2  
  20  2:02  Drone  
  21  2:09  Queen  
  21  2:15  Roach Warren  
  22  2:16  Drone  
  23  2:25  Drone  
  23  2:26  Drone  
  23  2:28  Drone  
  26  2:31  Drone  
  27  2:42  Lair  
  27  2:48  Overlord  
  27  2:51  Drone  
  28  3:05  Queen  
  28  3:06  Drone  
  28  3:07  Drone  
  28  3:08  Drone  
  28  3:12  Drone x2  
  35  3:14  Drone  
  36  3:21  Overlord  
  36  3:29  Overlord  
  36  3:33  Overlord  
  36  3:34  Overlord  
  36  3:39  Glial Reconstitution  
  36  3:42  Drone x2  
  36  3:43  Drone  
  39  3:49  Extractor, Drone  
  39  3:50  Drone  
  39  3:51  Roach  
  39  3:54  Roach  
  44  3:57  Roach  
  44  4:00  Roach  
  48  4:03  Roach  
  48  4:08  Roach  
  52  4:12  Roach  
  54  4:19  Roach  
  54  4:21  Roach x2  
  54  4:22  Overlord  
  54  4:24  Overlord  
  60  4:30  Overlord  
  60  4:40  Roach  
  60  4:41  Roach x3  
  60  4:45  Roach  
  70  4:51  Roach  
  72  4:55  Roach  
  72  4:58  Roach  
  76  5:09  Roach x2  
  76  5:11  Overlord  
  80  5:19  Roach  
  80  5:20  Roach  
  84  5:22  Hatchery  
  84  5:25  Overlord x2  
  83  5:29  Roach  
  77  6:01  Roach x6  
  67  6:14  Roach x2  
  61  6:26  Extractor x2, Drone x2  
  61  6:29  Drone  
  62  6:37  Drone x2  
  64  6:58  Drone x2, Roach x2  
  64  6:59  Drone x3  
  71  7:11  Spire  
  71  7:12  Drone, Roach x2  
  71  7:13  Drone x3  
  67  7:27  Roach x5  
  67  7:28  Roach x3  
  75  7:30  Roach  
  75  7:31  Roach  
  79  7:39  Roach x2  
  79  7:44  Roach  
  82  8:07  Drone x5  
  82  8:08  Drone  
  88  8:13  Drone  
  88  8:15  Hatchery  
  80  8:51  Drone x5  
  80  8:52  Drone  
  84  9:06  Corruptor x2  
  88  9:12  Corruptor  
  88  9:13  Corruptor  
  88  9:15  Hatchery  
  91  9:26  Corruptor x2  
  91  9:27  Corruptor x2  
  91  9:28  Corruptor x2  
  91  9:29  Corruptor  
  91  9:31  Roach x2  
  109  9:36  Extractor, Overlord  
  109  9:38  Extractor  
  107  9:41  Infestation Pit  
  107  9:45  Corruptor  
  106  9:47  Drone  
  109  9:57  Drone x3  
  112  10:00  Roach x5  
  112  10:05  Overlord x2  
  112  10:06  Overlord  
  122  10:11  Overlord  
  122  10:23  Queen  
Show
View Real Time Build Order
Export as new Build Order

Massa Terran - Winner!

Build Orders: 2 Factory 

Get SALT Encoding   

  12  0:00  SCV  
  13  0:12  SCV  
  14  0:23  Supply Depot  
  14  0:24  SCV  
  15  0:44  Refinery  
  15  0:45  SCV  
  15  0:46  Barracks  
  16  0:57  SCV  
  16  0:59  Refinery  
  17  1:09  SCV  
  18  1:21  SCV  
  19  1:27  Supply Depot  
  19  1:33  Orbital Command  
  19  1:40  Factory  
  19  1:51  Barracks Reactor  
  19  1:59  SCV  
  20  2:07  Factory  
  20  2:12  SCV  
  21  2:34  Armory  
  21  2:35  Widow Mine x2  
  25  2:37  Barracks Tech Lab  
  25  2:40  SCV  
  26  2:46  Supply Depot  
  26  2:57  Widow Mine x2  
  30  3:08  Widow Mine  
  30  3:12  Supply Depot  
  32  3:15  SCV  
  32  3:19  Widow Mine  
  35  3:24  Drilling Claws  
  35  3:27  Barracks Tech Lab  
  35  3:30  Widow Mine  
  37  3:38  Widow Mine  
  37  3:40  Widow Mine  
  41  3:46  Supply Depot  
  41  3:52  Widow Mine  
  43  3:59  Widow Mine  
  43  4:01  Widow Mine  
  47  4:13  Widow Mine  
  49  4:18  Engineering Bay  
  49  4:20  Stimpack  
  53  4:24  Widow Mine x2  
  53  4:35  Widow Mine  
  55  4:58  Command Center  
  55  5:04  Missile Turret  
  55  5:05  Supply Depot  
  43  5:43  Marine  
  43  5:45  Widow Mine x2  
  43  5:46  Widow Mine  
  35  5:57  SCV  
  35  6:01  Marine  
  35  6:04  Combat Shield  
  34  6:07  Widow Mine x3  
  34  6:09  SCV  
  41  6:19  Orbital Command, Marine  
  41  6:21  SCV  
  43  6:26  Terran Infantry Weapons Level 1  
  43  6:28  Widow Mine  
  45  6:36  Marine  
  46  6:41  Widow Mine x2  
  50  6:49  Widow Mine  
  52  6:54  Marine  
  49  7:04  Thor  
  49  7:05  Widow Mine  
  57  7:11  Widow Mine  
  57  7:12  Marine  
  57  7:15  Barracks  
  60  7:18  Barracks  
  60  7:26  Widow Mine  
  62  7:32  Widow Mine, Marine  
  65  7:41  SCV x2  
  67  7:50  Marine  
  66  7:53  SCV x2  
  62  8:15  Widow Mine x3  
  62  8:18  Barracks Reactor x2, Marine  
  69  8:36  Widow Mine x2, Marine  
  58  8:50  Widow Mine  
  58  8:53  SCV x2  
  58  8:54  Marine  
  63  8:58  Widow Mine x2  
  67  9:05  SCV x2, Missile Turret  
  69  9:11  Widow Mine  
  69  9:12  Marine  
  69  9:14  Command Center  
  72  9:17  SCV x2, Marine x3  
  72  9:18  Marine  
  72  9:23  Engineering Bay  
  78  9:31  Supply Depot x2  
  78  9:40  Supply Depot  
  78  9:45  Concussive Shells  
  78  9:52  SCV, Marine x5  
  86  9:53  Widow Mine x3, SCV  
  86  9:57  Refinery x2  
  91  10:03  Barracks  
  91  10:10  Marine x4  
  99  10:14  Widow Mine x3  
  99  10:15  Supply Depot  
  99  10:16  Supply Depot  
Tags
 
Add a new tag
Caveats
  • Supply blocks, unpowered buildings, or Contaminate may cause inaccurate times.
  • Supply counts are checked every 10 seconds.